 Dungeon Crawl Stone Soup version 0.21.1-1-g345015f (webtiles) character file.

106 sking99 the Magician (level 4, -7/27 HPs)
             Began as an Octopode Wizard on June 20, 2018.
             Killed from afar by dscm's ghost (10 damage)
             ... with a blast of sand
             ... on level 3 of the Dungeon.
             The game lasted 00:10:19 (2866 turns).

sking99 the Magician (Octopode Wizard)              Turns: 2866, Time: 00:10:20

Health: -7/27      AC:  1    Str:  6    XL:     4   Next: 84%
Magic:  0/9        EV: 13    Int: 21    God:
Gold:   153        SH:  0    Dex: 10    Spells: 2/10 levels left

rFire    . . .     SeeInvis .   j - +0 whip
rCold    . . .     Gourm    .   (no shield)
rNeg     . . .     Faith    .   a - +0 hat
rPois    .         Spirit   .   (no amulet)
rElec    .         Reflect  .   (no ring)
rCorr    .         Harm     .   (no ring)
MR       .....                  (no ring)
Stlth    +++.......             (no ring)
HPRegen  0.09/turn              (no ring)
MPRegen  0.11/turn              (no ring)
                                (no ring)
                                (no ring)

@: no status effects
A: almost no armour, stealthy swim, amphibious, 8 rings, constrict 8, camouflage
1, gelatinous body 1
a: no special abilities


You were on level 3 of the Dungeon.
You were not hungry.

You visited 1 branch of the dungeon, and saw 3 of its levels.

You collected 153 gold pieces.

Inventory:

Hand Weapons
 j - a +0 whip (weapon)
Armour
 a - a +0 hat (worn)
Jewellery
 l - an uncursed amulet of rage {unknown}
 n - a +4 ring of evasion {unknown}
 o - an uncursed ring of poison resistance {unknown}
Scrolls
 e - 2 scrolls of fear {unknown}
 f - a scroll of identify {unknown}
 h - 2 scrolls of teleportation {unknown}
 i - a scroll of enchant armour {unknown}
 k - a scroll of blinking {unknown}
 p - a scroll of remove curse {unknown}
Potions
 d - 2 potions of curing
 g - a potion of might {unknown}
 m - a potion of agility {unknown}
Books
 b - a book of Minor Magic

   Spells                             Type                      Level
   a - Magic Dart                     Conjuration                  1
   b - Blink                          Translocation                2
   c - Call Imp                       Summoning                    2
   d - Slow                           Hexes                        2
   e - Conjure Flame                  Conjuration/Fire             3
   f - Mephitic Cloud                 Conjuration/Poison/Air       3
Comestibles
 c - 4 rations


   Skills:
 - Level 2.1 Dodging
 + Level 3.8 Stealth
 * Level 3.8 Spellcasting
 - Level 2.0 Conjurations
 + Level 1.8 Summonings
 + Level 1.4 Translocations


You had 2 spell levels left.
You knew the following spells:

 Your Spells              Type           Power        Failure   Level  Hunger
a - Magic Dart            Conj           ##..         5%          1    None
b - Call Imp              Summ           ##......     9%          2    #......
c - Blink                 Tloc           N/A          10%         2    #......
d - Conjure Flame         Conj/Fire      #.......     24%         3    ###....


Dungeon Overview and Level Annotations

Branches:
Dungeon (3/15)

Altars:
Wu Jian

Annotations:
D:2 Sigmund
D:3 dscm's ghost, amateur OpEE


Innate Abilities, Weirdness & Mutations

You cannot wear most types of armour.
You are very stealthy in the water. (Stealth+)
You are amphibious.
You can wear up to eight rings at the same time.
You can use your tentacles to constrict eight enemies at once.
Your skin changes colour to match your surroundings (Stealth+).
Your rubbery body absorbs attacks. (AC +1, EV +1)


Message History

r - Retreat! s - Stop attacking. g - Guard the area. f - Follow me.
Anything else - Cancel.
Gang up on whom?
Press: ? - help, Dir - move target cursor, f/p - dscm's ghost
Aim: dscm's ghost Attack!
Dscm's ghost stares at you and mumbles some strange words.
The blast of sand hits you!
Your crimson imp hits dscm's ghost but does no damage.
Your iron imp completely misses dscm's ghost.
Your crimson imp completely misses dscm's ghost.
Dscm's ghost stares at you and mumbles some strange words.
The blast of sand hits you!
* * * LOW HITPOINT WARNING * * *
Your crimson imp barely misses dscm's ghost. x2
Your iron imp hits dscm's ghost.
Dscm's ghost casts a spell at you. The blast of sand hits you!
You die...

#..######........#
#)...............###
#########..........
#...........#
#....#.....#######
#....#...55.......
######........W5.#
..........#.......#
...(.........@....#
......#...##..#####
......#...###.#
......#...# ###
##### #.... ######


You could see dscm's ghost, a friendly iron imp and 2 friendly crimson imps.

Vanquished Creatures
  An orc priest (D:3)
  A worker ant (D:3)
  2 adders (D:2)
  2 leopard geckos (D:1)
  A giant cockroach (D:2)
  6 goblins
  5 hobgoblins
  A kobold (D:1)
  A quokka (D:3)
  4 bats
  2 frilled lizards
  4 rats
30 creatures vanquished.

Vanquished Creatures (collateral kills)
  An adder (D:3)
  3 orcs (D:3)
  2 jackals (D:3)
  2 kobolds
  A quokka (D:3)
  A rat (D:3)
10 creatures vanquished.

Grand Total: 40 creatures vanquished

Notes
Turn   | Place    | Note
-------+----------+-------------------------------------------
     0 | D:1      | sking99 the Octopode Wizard began the quest for the Orb.
     0 | D:1      | Reached XP level 1. HP: 11/11 MP: 4/4
     0 | D:1      | Noticed a centaur
     0 | D:1      | Noticed a vine stalker
     0 | D:1      | Noticed a human
     1 | D:1      | Noticed a troll
     3 | D:1      | Noticed a formicid
     3 | D:1      | Noticed a human
     5 | D:1      | Noticed a draconian
     7 | D:1      | Noticed a draconian
    10 | D:1      | Noticed a spriggan
    10 | D:1      | Noticed a naga
    12 | D:1      | Noticed a felid
    12 | D:1      | Noticed a formicid
    13 | D:1      | Noticed a gargoyle
    14 | D:1      | Noticed a gargoyle
    14 | D:1      | Noticed a minotaur
    16 | D:1      | Noticed an elf
    18 | D:1      | Noticed a formicid
    18 | D:1      | Noticed a vampire
    20 | D:1      | Noticed an octopode
   375 | D:1      | Reached XP level 2. HP: 17/17 MP: 0/6
   442 | D:1      | Learned a level 2 spell: Call Imp
  1043 | D:2      | Reached XP level 3. HP: 9/21 MP: 2/7
  1520 | D:2      | Noticed Sigmund
  1881 | D:2      | Found an ornate altar of the Wu Jian Council.
  2243 | D:3      | Learned a level 2 spell: Blink
  2247 | D:3      | Learned a level 3 spell: Conjure Flame
  2396 | D:3      | Reached XP level 4. HP: 22/27 MP: 1/9
  2612 | D:3      | Noticed dscm's ghost (amateur OpEE)
  2866 | D:3      | Killed from afar by dscm's ghost

Skill      XL: |  1  2  3 |
---------------+----------+-----
Stealth        | 3 |  3.8
Conjurations   | 2 |  2.0
Dodging        | |  2.1
Spellcasting   | |  3.8
Summonings     | |  1.8
Translocations | |  1.4

Action                   |  1- 3 |  4- 6 || total
-------------------------+-------+-------++-------
Melee: Unarmed           |     3 |       ||     3
       Tentacles         |     3 |       ||     3
       Constrict         |     6 |     4 ||    10
       Whip              |    12 |    17 ||    29
 Cast: Magic Dart        |    59 |     3 ||    62
       Call Imp          |    10 |     7 ||    17
  Use: Potion            |       |     1 ||     1
  Eat: Chunk             |     4 |     2 ||     6
Armor: Skin              |     4 |       ||     4
Dodge: Dodged            |    22 |    15 ||    37
